[Event "January 9 Late 2024"]
[Site "https://www.chess.com"]
[Date "2024.01.09"]
[Round "7"]
[White "Ghasi, Ameet K"]
[Black "Olenik Campa, Rudi"]
[Result "1-0"]
[Board "68"]
[TimeControl "180+1"]
[WhiteFideId "409200"]
[BlackFideId "14633264"]
[WhiteElo "2761"]
[BlackElo "2597"]
[WhiteTeam "ENG"]
[BlackTeam "SLO"]
[WhiteClock "0:00:47"]
[BlackClock "0:00:05"]

1. Nf3 g6 2. h4 h6 3. e4 Bg7 4. d4 c6 5. c4 d6 6. Nc3 Nd7 7. Be2 Ngf6 8. e5 dxe5 9. dxe5 Ng4 10. e6 fxe6 11. Qc2 Nf8 12. Bd3 Kf7 13. Bf4 e5 14. Bg3 Be6 15. O-O-O Qa5 16. Rhe1 Bf6 17. Kb1 Rg8 18. Ne4 Nd7 19. a3 Rac8 20. Nfd2 h5 21. Nb3 Qa4 22. Ng5+ Bxg5 23. hxg5 b5 24. Nd2 Qxc2+ 25. Bxc2 e4 26. Nxe4 Bf5 27. Nc3 Bxc2+ 28. Kxc2 h4 29. Bxh4 Nge5 30. f4 Rh8 31. Bg3 Nxc4 1-0

[Event "January 9 Late 2024"]
[Site "https://www.chess.com"]
[Date "2024.01.09"]
[Round "7"]
[White "Timmermans, Mark"]
[Black "Kokoszczynski, Jan"]
[Result "1-0"]
[Board "69"]
[TimeControl "180+1"]
[WhiteFideId "1026399"]
[BlackFideId "1174460"]
[WhiteElo "2747"]
[BlackElo "2588"]
[WhiteTeam "NED"]
[BlackTeam "POL"]
[WhiteClock "0:01:18"]
[BlackClock "0:00:08"]

1. b4 e5 2. Bb2 d6 3. b5 g6 4. a4 Bg7 5. e3 Nf6 6. c4 O-O 7. Nc3 Be6 8. Nf3 c6 9. Be2 Re8 10. O-O Nbd7 11. d4 e4 12. Nd2 d5 13. Ba3 h5 14. bxc6 bxc6 15. cxd5 cxd5 16. Nb5 h4 17. Nd6 Rf8 18. Nb7 Qc7 19. Bxf8 Rxf8 20. Nc5 Nxc5 21. Rc1 h3 22. Rxc5 Qe7 23. g3 Nh7 24. Qb3 Ng5 25. Rfc1 Qf6 26. Rc7 Nf3+ 27. Nxf3 exf3 28. Bf1 Qf5 29. Rxa7 Bh6 30. Rb7 Kg7 31. a5 Re8 32. a6 Bc8 33. Qc2 Qf6 34. Qc6 Re6 35. Qxc8 Bxe3 36. Rcc7 Bxf2+ 37. Kh1 Qxd4 38. Rxf7+ Kh6 39. Qxe6 Bxg3 40. Qxh3+ Bh4 41. Rh7+ Kg5 42. Qxh4+ Qxh4 43. Rxh4 f2 44. a7 d4 45. Rxd4 Kf5 46. a8=Q 1-0

[Event "January 9 Late 2024"]
[Site "https://www.chess.com"]
[Date "2024.01.09"]
[Round "7"]
[White "Mekhitarian, Krikor Sevag"]
[Black "Banerjee, Supratit"]
[Result "1-0"]
[Board "70"]
[TimeControl "180+1"]
[WhiteFideId "2107660"]
[BlackFideId "2410079"]
[WhiteElo "2741"]
[BlackElo "2587"]
[WhiteTeam "BRA"]
[BlackTeam "SCO"]
[WhiteClock "0:00:04"]
[BlackClock "0:00:13"]

1. Nf3 d5 2. c4 e6 3. d4 Nf6 4. cxd5 exd5 5. Nc3 Be7 6. Bf4 O-O 7. e3 c6 8. h3 Bf5 9. Nh4 Be6 10. Bd3 Nbd7 11. O-O Ne4 12. Nf3 f5 13. Ne5 Nxe5 14. Bxe5 Bd6 15. f4 Be7 16. Nxe4 fxe4 17. Be2 Qd7 18. g4 Rae8 19. Rf2 Bh4 20. Rg2 Bf6 21. Qd2 Bxe5 22. dxe5 Qc7 23. b4 Bc8 24. Rc1 g5 25. Rf2 gxf4 26. exf4 Qb6 27. Rc5 a5 28. a3 axb4 29. axb4 Qa7 30. Qd4 Qa3 31. Kg2 h5 32. f5 hxg4 33. hxg4 Rf7 34. e6 Rh7 35. Rc3 Qa1 36. Bf1 Rg7 37. Kg3 Rh7 38. Qe3 Qd1 39. Rc1 Qa4 40. Rh2 Rxh2 41. Kxh2 Re7 42. Qg5+ Rg7 43. Qd8+ Kh7 44. Rc3 Qa2+ 45. Bg2 e3 46. Rxe3 Rxg4 47. Rh3+ Rh4 48. Rxh4+ Kg7 49. Qh8# 1-0

[Event "January 9 Late 2024"]
[Site "https://www.chess.com"]
[Date "2024.01.09"]
[Round "7"]
[White "Ambartsumova, Karina"]
[Black "Schnaider, Ilan"]
[Result "0-1"]
[Board "71"]
[TimeControl "180+1"]
[WhiteFideId "4166299"]
[BlackFideId "169013"]
[WhiteElo "2582"]
[BlackElo "2723"]
[WhiteTeam "RUS"]
[BlackTeam "ARG"]
[WhiteClock "0:00:02"]
[BlackClock "0:00:27"]

1. d4 Nf6 2. c4 g6 3. Nc3 d5 4. cxd5 Nxd5 5. e4 Nxc3 6. bxc3 Bg7 7. Bc4 O-O 8. Ne2 c5 9. Be3 cxd4 10. cxd4 Nc6 11. O-O e6 12. Rc1 Bd7 13. Qd2 Rc8 14. Rfd1 a6 15. Bb3 Na5 16. Rxc8 Bxc8 17. Qb4 b5 18. d5 Nxb3 19. Qxb3 exd5 20. exd5 Bg4 21. f3 Bd7 22. Bd4 Bxd4+ 23. Nxd4 Re8 24. Kh1 Qh4 25. g3 Qf6 26. Kg2 h5 27. Qd3 h4 28. Ne2 h3+ 29. Kf2 Qb6+ 30. Qd4 Qa5 31. Rd2 Qa3 32. Nc3 Bf5 33. g4 Qc1 34. Rd1 Qg5 35. d6 Qh4+ 36. Kf1 Be6 37. Ne4 Kf8 38. d7 Rd8 39. Nc5 Bc4+ 40. Kg1 Be2 41. Qd6+ Kg8 42. Rc1 Qg5 43. Re1 Qe3+ 44. Kh1 Qxf3+ 45. Kg1 Qg2# 0-1

[Event "January 9 Late 2024"]
[Site "https://www.chess.com"]
[Date "2024.01.10"]
[Round "7"]
[White "Kandil, Ahmed"]
[Black "Agibileg, Uurtsaikh"]
[Result "0-1"]
[Board "72"]
[TimeControl "180+1"]
[WhiteFideId "10628401"]
[BlackFideId "4901606"]
[WhiteElo "2577"]
[BlackElo "2720"]
[WhiteTeam "EGY"]
[BlackTeam "MGL"]
[WhiteClock "0:00:26"]
[BlackClock "0:00:12"]

1. e4 e5 2. Nf3 Nc6 3. Bb5 a6 4. Ba4 Nf6 5. O-O d6 6. Re1 Bd7 7. c3 g6 8. d4 Bg7 9. Bc2 O-O 10. h3 Nh5 11. Nbd2 exd4 12. cxd4 Nxd4 13. Nxd4 Bxd4 14. Nf3 Bg7 15. Bg5 Qc8 16. e5 dxe5 17. Nxe5 Be6 18. g4 Nf6 19. Qf3 Nd5 20. Nd3 c5 21. Rac1 b5 22. Nxc5 Qxc5 23. Bb3 Qd6 24. Rcd1 Rad8 25. Bxd8 Rxd8 26. Qe4 Qc5 27. Rd3 Bf8 28. Qf3 Re8 29. Re5 Qc1+ 30. Rd1 Qxb2 31. Rexd5 Bxd5 32. Bxd5 Re7 33. Bb3 Kg7 34. Kg2 Rc7 35. Rd8 Bc5 36. h4 Qf6 37. Qxf6+ Kxf6 38. g5+ Kg7 39. Ra8 Ba7 40. Kf3 h6 41. Ke4 hxg5 42. hxg5 a5 43. f4 a4 44. Bd5 b4 45. Ke5 b3 46. axb3 a3 47. b4 Rd7 48. Bc6 a2 49. Bxd7 a1=Q+ 50. Kd6 Qd4+ 51. Ke7 Qe4+ 52. Kd8 Qxa8+ 53. Bc8 Bb6+ 54. Kd7 Qa7+ 55. Kc6 Qc7+ 56. Kb5 Qxc8 57. Kxb6 Qf5 58. b5 Qxf4 59. Ka7 Qxg5 60. b6 Qc5 61. Ka6 Qc6 62. Ka7 g5 63. b7 Qc7 64. Ka6 Qb8 65. Kb6 g4 66. Kc5 g3 67. Kd5 g2 0-1

[Event "January 9 Late 2024"]
[Site "https://www.chess.com"]
[Date "2024.01.09"]
[Round "7"]
[White "Hambleton, Aman"]
[Black "Lin, Bryan Enming"]
[Result "0-1"]
[Board "73"]
[TimeControl "180+1"]
[WhiteFideId "2606577"]
[BlackFideId "30987121"]
[WhiteElo "2710"]
[BlackElo "2571"]
[WhiteTeam "CAN"]
[BlackTeam "USA"]
[WhiteClock "0:00:00"]
[BlackClock "0:01:26"]

1. e4 e5 2. Nf3 Nc6 3. Bc4 Nf6 4. Qe2 Bc5 5. Ng5 Nd4 6. Bxf7+ Kf8 7. Qd3 h6 8. c3 Nc6 9. Nf3 Kxf7 10. Qc4+ d5 11. Qxc5 dxe4 12. Nxe5+ Nxe5 13. Qxe5 Re8 14. Qd4 Qxd4 15. cxd4 Rd8 16. b3 Rxd4 17. Bb2 Rd3 18. Nc3 Bf5 19. Nd1 Rad8 20. Ne3 Rxd2 21. Bxf6 Kxf6 22. O-O Be6 23. Rac1 c6 24. Ra1 Re2 25. Rfe1 Rxe1+ 26. Rxe1 Rd2 27. Ra1 a5 28. Kf1 Rb2 29. Nd1 Rd2 30. Ke1 Rc2 31. Ne3 Rb2 32. Nd1 Rc2 33. Ne3 Rc5 34. Kd2 Rh5 35. h3 Rb5 36. Kc3 Ke5 37. Rd1 Rc5+ 38. Kb2 a4 39. b4 Rb5 40. a3 c5 41. Kc3 cxb4+ 42. axb4 Rb6 0-1

[Event "January 9 Late 2024"]
[Site "https://www.chess.com"]
[Date "2024.01.09"]
[Round "7"]
[White "Pham, Le Thao Nguyen"]
[Black "Sieciechowicz, Marcin"]
[Result "0-1"]
[Board "74"]
[TimeControl "180+1"]
[WhiteFideId "12401226"]
[BlackFideId "1130170"]
[WhiteElo "2576"]
[BlackElo "2691"]
[WhiteTeam "VIE"]
[BlackTeam "POL"]
[WhiteClock "0:00:00"]
[BlackClock "0:00:45"]

1. d4 Nf6 2. Nf3 g6 3. c4 Bg7 4. Nc3 d6 5. Bg5 h6 6. Bh4 g5 7. Bg3 Nh5 8. e3 Nd7 9. Nd2 Nxg3 10. hxg3 c5 11. d5 Bxc3 12. bxc3 Qa5 13. Qc2 Ne5 14. Be2 Bd7 15. f4 Ng6 16. Bd3 O-O-O 17. Rb1 Kb8 18. Qb2 b6 19. a4 e6 20. Ra1 Rde8 21. Kf2 h5 22. Nb3 Qa6 23. a5 exd5 24. axb6 Qxb6 25. Rhb1 h4 26. gxh4 gxf4 27. Bxg6 fxg6 28. Qa2 fxe3+ 29. Kg1 e2 30. Nd2 e1=Q+ 31. Rxe1 Rxe1+ 32. Rxe1 Bf5 33. Rf1 Rxh4 0-1

[Event "January 9 Late 2024"]
[Site "https://www.chess.com"]
[Date "2024.01.10"]
[Round "7"]
[White "Manolache, Marius"]
[Black "Olsson, William"]
[Result "1-0"]
[Board "75"]
[TimeControl "180+1"]
[WhiteFideId "1201530"]
[BlackFideId "1741721"]
[WhiteElo "2690"]
[BlackElo "2569"]
[WhiteTeam "ROU"]
[BlackTeam "SWE"]
[WhiteClock "0:02:08"]
[BlackClock "0:00:52"]

1. d4 d5 2. Nf3 Nf6 3. c4 c6 4. Nc3 e6 5. g3 dxc4 6. Ne5 b5 7. Bg2 Qb6 8. a4 Bb7 9. O-O a6 10. e3 Nbd7 11. Nxd7 Nxd7 12. e4 Be7 13. Be3 c5 14. d5 Rd8 15. Qg4 O-O 16. Rfd1 b4 17. a5 Qc7 18. Na4 exd5 19. exd5 Nf6 20. Qf5 g6 21. Bf4 Qd7 22. Qxd7 Rxd7 23. d6 Bxg2 24. dxe7 Rxd1+ 25. Rxd1 Re8 26. Kxg2 Rxe7 27. Nxc5 Ne4 28. Bh6 f5 29. Rd8+ 1-0

[Event "January 9 Late 2024"]
[Site "https://www.chess.com"]
[Date "2024.01.09"]
[Round "7"]
[White "Mendez Fortes, Eduardo Jesus"]
[Black "Skvortsov, Andrei"]
[Result "1/2-1/2"]
[Board "76"]
[TimeControl "180+1"]
[WhiteFideId "3502376"]
[BlackFideId "24108600"]
[WhiteElo "2567"]
[BlackElo "2686"]
[WhiteTeam "CUB"]
[BlackTeam "MNE"]
[WhiteClock "0:00:09"]
[BlackClock "0:00:09"]

1. e4 c5 2. Nf3 d6 3. d4 cxd4 4. Nxd4 Nf6 5. Nc3 g6 6. f3 Bg7 7. Be3 O-O 8. Qd2 d5 9. e5 Ne8 10. f4 f6 11. exf6 Nxf6 12. O-O-O Ng4 13. g3 Nxe3 14. Qxe3 Nc6 15. Ne6 d4 16. Nxd8 dxe3 17. Bc4+ Kh8 18. Nxc6 bxc6 19. Rde1 Bh3 20. Rxe3 e5 21. Ne2 exf4 22. Nxf4 Bh6 23. Bb3 Rxf4 24. gxf4 Bxf4 25. Re1 Re8 26. Kd2 Kg7 27. Bc4 Kf6 28. Kd3 Bf5+ 29. Re4 Bxh2 30. Kd4 Rd8+ 31. Kc5 Bxe4 32. Rxe4 h5 33. Re6+ Kf5 34. Rxc6 Bg1+ 35. Kb4 g5 36. Bd3+ Kg4 37. Rf6 Bd4 38. Be2+ Kh4 39. Rh6 g4 40. c3 Be3 41. Rh7 Kg5 42. c4 Bd4 43. c5 Rc8 44. Ba6 Rxc5 45. Rxa7 Rc2 46. Rd7 Rxb2+ 47. Ka3 Bf6 48. Rd5+ Kh6 49. Rf5 Rb6 50. Be2 Kg6 51. Bd3 Kh6 52. Be2 Re6 53. Bd1 Bg5 54. Kb3 Rd6 55. Be2 Kg6 56. Rc5 Bf6 57. a4 Rd2 58. Bb5 h4 59. Rc4 Rb2+ 60. Ka3 Rg2 61. Bc6 Rg1 62. Be4+ Kg5 63. Bc6 Be7+ 64. Kb3 h3 65. a5 Ra1 66. Bd7 h2 67. Rxg4+ Kf6 68. Bc6 h1=Q 69. Bxh1 Rxh1 70. Ka4 Ra1+ 71. Kb5 Ke5 72. a6 Bd8 73. Ra4 Rb1+ 74. Kc6 Rc1+ 75. Kb5 Rb1+ 76. Kc6 Rc1+ 77. Kb7 Rb1+ 78. Kc8 Bb6 79. Rc4 Kd6 80. Ra4 Kc6 81. a7 Bxa7 82. Rxa7 Rh1 83. Ra6+ Kb5 84. Rd6 Rc1+ 85. Kb7 Kb4 86. Rb6+ Ka3 87. Ra6+ Kb2 88. Rb6+ Kc2 89. Ra6 Kd2 90. Rb6 Rc2 91. Rc6 Rxc6 92. Kxc6 1/2-1/2

[Event "January 9 Late 2024"]
[Site "https://www.chess.com"]
[Date "2024.01.09"]
[Round "7"]
[White "Dubnevych, Maksym"]
[Black "Baziuk, Vladyslav"]
[Result "1-0"]
[Board "77"]
[TimeControl "180+1"]
[WhiteFideId "14184001"]
[BlackFideId "34107940"]
[WhiteElo "2552"]
[BlackElo "2678"]
[WhiteTeam "UKR"]
[BlackTeam "UKR"]
[WhiteClock "0:00:56"]
[BlackClock "0:00:12"]

1. d4 Nf6 2. Nc3 d5 3. Bf4 c5 4. e4 Nxe4 5. Nxe4 dxe4 6. dxc5 Qa5+ 7. c3 Qxc5 8. Qa4+ Nc6 9. Qxe4 g6 10. Nf3 Bg7 11. Rd1 Bf5 12. Qa4 O-O 13. Be3 Qa5 14. Qxa5 Nxa5 15. Nd4 Bd7 16. Nb5 Bxb5 17. Bxb5 a6 18. Bd3 b5 19. Bc5 Nc4 20. Bxc4 bxc4 21. O-O Rfb8 22. Ba3 Ra7 23. Rfe1 e6 24. Re4 Bf8 25. Bxf8 Kxf8 26. Rd2 Rab7 27. Ree2 Ke7 28. f3 a5 29. Kf2 Rb5 30. Ke1 Rh5 31. h3 Rb6 32. Kd1 Rd6 33. Re4 Rc5 34. Rxd6 Kxd6 35. Kc2 a4 36. Rd4+ Kc7 37. Rh4 h5 38. Rd4 Rc6 39. g4 hxg4 40. hxg4 Rc5 41. f4 Rc6 42. g5 Rc5 43. Kd2 Kc6 44. Ke3 Kb5 45. a3 Rf5 46. Ke4 e5 47. Rd5+ Kc6 48. Rxe5 Rxe5+ 49. Kxe5 Kc5 50. Kf6 Kd5 51. Kxf7 Ke4 52. Kxg6 Kd3 53. f5 Kc2 54. f6 Kxb2 55. f7 Kxc3 56. f8=Q Kb2 57. Qb4+ 1-0

[Event "January 9 Late 2024"]
[Site "https://www.chess.com"]
[Date "2024.01.10"]
[Round "7"]
[White "Saha, Ananda"]
[Black "Annaberdiyev, Meylis"]
[Result "0-1"]
[Board "78"]
[TimeControl "180+1"]
[WhiteFideId "2619644"]
[BlackFideId "14000563"]
[WhiteElo "2511"]
[BlackElo "2672"]
[WhiteTeam "CAN"]
[BlackTeam "TKM"]
[WhiteClock "0:00:01"]
[BlackClock "0:00:26"]

1. d4 Nf6 2. Bg5 e6 3. Nd2 d5 4. e3 h6 5. Bh4 c5 6. c3 Nbd7 7. f4 cxd4 8. exd4 Bd6 9. g3 g5 10. fxg5 hxg5 11. Bxg5 Bxg3+ 12. hxg3 Rxh1 13. Ngf3 Qb6 14. Qc2 Ne4 15. Nxe4 dxe4 16. Qxe4 Qxb2 17. Rc1 Qg2 18. Qd3 Qxg3+ 19. Kd2 b6 20. Qe4 Qf2+ 21. Be2 Rxc1 22. Kxc1 Rb8 23. Bf4 Bb7 24. Qh7 Qxe2 25. Bxb8 Bxf3 26. Qh8+ Nf8 27. Bd6 Qd1+ 28. Kb2 Qd2+ 29. Kb3 Bd5+ 30. Ka4 Qxa2+ 31. Ba3 Qb3# 0-1

[Event "January 9 Late 2024"]
[Site "https://www.chess.com"]
[Date "2024.01.09"]
[Round "7"]
[White "Pesotskiy, Mikhail"]
[Black "Vlassov, Nikolai"]
[Result "1/2-1/2"]
[Board "79"]
[TimeControl "180+1"]
[WhiteFideId "34164453"]
[BlackFideId "4103360"]
[WhiteElo "2497"]
[BlackElo "2648"]
[WhiteTeam "RUS"]
[BlackTeam "FID"]
[WhiteClock "0:00:09"]
[BlackClock "0:00:07"]

1. d4 Nf6 2. c4 Nc6 3. Nf3 e6 4. Nc3 Bb4 5. Qc2 d6 6. a3 Bxc3+ 7. Qxc3 O-O 8. Bg5 h6 9. Bxf6 Qxf6 10. e3 e5 11. dxe5 dxe5 12. Be2 Bg4 13. h3 Bh5 14. O-O Rad8 15. Rad1 a5 16. Rd5 Rfe8 17. Rfd1 Qe7 18. Qd2 e4 19. Nd4 Rxd5 20. cxd5 Nxd4 21. Bxh5 Nb3 22. Qc3 a4 23. Be2 Qe5 24. Bb5 Qxc3 25. bxc3 Ra8 26. d6 cxd6 27. Rxd6 Nc5 28. Rd4 Kf8 29. Rc4 b6 30. Bc6 Rd8 31. Bxe4 Rd1+ 32. Kh2 Ra1 33. Bd5 Rxa3 34. Rb4 Nd7 35. Bc6 Ne5 36. Rxb6 Nxc6 37. Rxc6 Ra2 38. Ra6 Rxf2 39. Rxa4 Re2 40. Re4 Rc2 41. c4 h5 42. Kg3 g5 43. Kf3 Kg7 44. Re5 f6 45. Rc5 Kg6 46. Rc8 f5 47. Rc6+ Kf7 48. c5 g4+ 49. hxg4 fxg4+ 50. Kg3 Re2 51. Rh6 Rxe3+ 52. Kh4 Re2 53. g3 Rh2+ 54. Kg5 Rc2 55. Rxh5 Rxc5+ 56. Kxg4 Rc4+ 57. Kg5 Kg7 58. g4 Rc5+ 59. Kh4 Rc1 60. Rb5 Rc7 61. Rb6 Rd7 62. Kh5 Re7 63. g5 Rd7 64. Rg6+ Kh7 65. Rh6+ Kg7 66. Ra6 Kh7 67. Rb6 Kg7 68. Rh6 Rc7 69. Re6 Rd7 70. Rc6 Re7 71. Rc5 Rd7 72. g6 Ra7 73. Kg5 Rb7 74. Rf5 Ra7 75. Re5 Rb7 76. Rd5 Rc7 77. Rf5 Rd7 78. Rc5 Re7 79. Rd5 Rc7 80. Rb5 Ra7 81. Rf5 Rb7 82. Re5 Rc7 83. Rf5 Rd7 84. Re5 Rc7 85. Kf5 Rb7 86. Rd5 Ra7 87. Kg5 Rb7 88. Rf5 Ra7 89. Rf7+ Rxf7 90. gxf7 Kxf7 1/2-1/2

[Event "January 9 Late 2024"]
[Site "https://www.chess.com"]
[Date "2024.01.09"]
[Round "7"]
[White "Dilmukhametov, Artur"]
[Black "Janaszak, Dawid"]
[Result "1-0"]
[Board "80"]
[TimeControl "180+1"]
[WhiteFideId "24179922"]
[BlackFideId "1119206"]
[WhiteElo "2324"]
[BlackElo "2637"]
[WhiteTeam "RUS"]
[BlackTeam "POL"]
[WhiteClock "0:00:10"]
[BlackClock "0:00:05"]

1. e4 c5 2. Nf3 Nc6 3. c3 e5 4. d4 cxd4 5. cxd4 exd4 6. Nxd4 Nf6 7. Nc3 Bb4 8. Nxc6 bxc6 9. Bd3 O-O 10. O-O Re8 11. Qc2 Ng4 12. h3 Ne5 13. Be2 d5 14. exd5 cxd5 15. Rd1 Bb7 16. Be3 Qa5 17. Qb3 Nc4 18. Nxd5 Nxe3 19. Nxe3 Rab8 20. Rd7 Rf8 21. Bc4 Kh8 22. Rxf7 Rxf7 23. Bxf7 Bc5 24. Rd1 Bb6 25. Bd5 Bc8 26. Qa3 Qxa3 27. bxa3 h6 28. Bb3 Bb7 29. Nc4 Bc5 30. Rd7 Ba6 31. Ne5 Bb6 32. h4 Bc8 33. Re7 Bf5 34. h5 Bd4 35. Nf7+ Kh7 36. Nd6 Bd3 37. Rd7 Be5 38. Nf7 Bf6 39. Rxd3 Rb5 40. Rd8 Rxh5 41. Rh8+ Kg6 42. Nd6 Rc5 43. Ne4 Rc1+ 44. Kh2 Be5+ 45. g3 Kf5 46. Nd2 Rd1 47. Nf3 Rf1 48. Kg2 Ra1 49. Rf8+ Bf6 50. Bc2+ Ke6 51. Bb3+ Ke7 52. Rf7+ Kd6 53. Rxa7 Rb1 54. Ra6+ Kc5 55. Ra5+ Kb6 56. Rd5 Rb2 57. Rd2 Rb1 58. Nd4 Ka5 59. Ne6 Rf1 60. Rd7 Re1 61. Nxg7 Bg5 62. Ne6 Bc1 63. Rd1 Rxd1 64. Bxd1 Bxa3 65. Bb3 Be7 66. Kf3 Kb4 67. Kg4 Kc3 68. Kh5 Kd2 69. Kxh6 Ke2 70. f4 Kf3 71. f5 Kxg3 72. Kg6 Kf3 73. f6 1-0

[Event "January 9 Late 2024"]
[Site "https://www.chess.com"]
[Date "2024.01.09"]
[Round "7"]
[White "Avramidou, Anastasia"]
[Black "Brodsky, David"]
[Result "1/2-1/2"]
[Board "81"]
[TimeControl "180+1"]
[WhiteFideId "4239873"]
[BlackFideId "2073250"]
[WhiteElo "2520"]
[BlackElo "2819"]
[WhiteTeam "GRE"]
[BlackTeam "USA"]
[WhiteClock "0:00:08"]
[BlackClock "0:00:04"]

1. Nf3 a6 2. g3 b5 3. Bg2 Bb7 4. O-O g6 5. a4 Bg7 6. c3 Nf6 7. d3 O-O 8. Na3 d6 9. Bg5 Qd7 10. axb5 axb5 11. Qb3 Bc6 12. Nc2 Na6 13. Ncd4 Nc5 14. Qc2 Bb7 15. Nb3 Nxb3 16. Qxb3 Bd5 17. Qb4 h6 18. Bxf6 Bxf6 19. Qf4 Bg7 20. h4 e5 21. Qd2 h5 22. c4 Rxa1 23. Rxa1 bxc4 24. dxc4 Bxc4 25. Ra7 Rb8 26. Ng5 d5 27. Qc2 Qd6 28. e4 Qb6 29. Ra3 Qxb2 30. Qxb2 Rxb2 31. exd5 Bf8 32. Rc3 Rb4 33. Ne4 Kg7 34. Nd2 Be2 35. Rxc7 Rd4 36. Ne4 Rxd5 37. Ng5 Rd1+ 38. Kh2 Bg4 39. Rxf7+ Kg8 40. Rc7 Bd6 41. Rc6 Kg7 42. Ra6 Be7 43. Ne6+ Bxe6 44. Rxe6 Bf6 45. Ra6 Rd2 46. Ra7+ Kf8 47. Ra8+ Kg7 48. Ra7+ Kf8 49. Ra8+ Kg7 50. Ra7+ 1/2-1/2

[Event "January 9 Late 2024"]
[Site "https://www.chess.com"]
[Date "2024.01.09"]
[Round "7"]
[White "Mazi, Leon"]
[Black "Dourerassou, Jonathan"]
[Result "1-0"]
[Board "82"]
[TimeControl "180+1"]
[WhiteFideId "14600315"]
[BlackFideId "628050"]
[WhiteElo "2520"]
[BlackElo "2802"]
[WhiteTeam "SLO"]
[BlackTeam "FRA"]
[WhiteClock "0:00:33"]
[BlackClock "0:01:26"]

1. e4 c5 2. Nf3 e6 3. d4 cxd4 4. Nxd4 Nf6 5. Nc3 Nc6 6. Nxc6 bxc6 7. e5 Nd5 8. Ne4 Qc7 9. f4 Bb7 10. c4 Nb4 11. a3 Na6 12. Nd6+ Bxd6 13. exd6 Qa5+ 14. b4 Qf5 15. c5 Nb8 16. Bd3 Qf6 17. Ra2 a5 18. Rb2 axb4 19. axb4 Ra1 20. O-O Qd4+ 21. Kh1 Rxc1 22. Qxc1 Qxd3 23. f5 f6 24. fxe6 dxe6 25. Rd1 Qf5 26. b5 cxb5 27. d7+ Nxd7 28. c6 Bc8 29. cxd7+ Bxd7 30. Qc7 e5 31. Rbd2 O-O 32. Rxd7 Qg4 33. h3 Qg3 34. Rd8 1-0

[Event "January 9 Late 2024"]
[Site "https://www.chess.com"]
[Date "2024.01.10"]
[Round "7"]
[White "Stopa, Jacek"]
[Black "Espinoza Palomino, Willyam"]
[Result "1-0"]
[Board "83"]
[TimeControl "180+1"]
[WhiteFideId "1119591"]
[BlackFideId "3804852"]
[WhiteElo "2775"]
[BlackElo "2520"]
[WhiteTeam "POL"]
[BlackTeam "PER"]
[WhiteClock "0:02:13"]
[BlackClock "0:01:27"]

1. d4 Nf6 2. c4 e6 3. Nf3 b6 4. g3 Bb7 5. Bg2 Be7 6. O-O O-O 7. Nc3 Ne4 8. Bd2 f5 9. Rc1 d6 10. d5 Nxc3 11. Bxc3 e5 12. b4 a5 13. bxa5 bxa5 14. c5 Na6 15. c6 Bc8 16. Bxa5 Nc5 17. Bb4 e4 18. Nd4 Rxa2 19. Bxc5 dxc5 20. Qb3 cxd4 21. d6+ 1-0

[Event "January 9 Late 2024"]
[Site "https://www.chess.com"]
[Date "2024.01.09"]
[Round "7"]
[White "Davidson, Kevin"]
[Black "Zubritskiy, Artyom"]
[Result "0-1"]
[Board "84"]
[TimeControl "180+1"]
[WhiteFideId "2056810"]
[BlackFideId "4181247"]
[WhiteElo "2519"]
[BlackElo "2773"]
[WhiteTeam "USA"]
[BlackTeam "FID"]
[WhiteClock "0:00:00"]
[BlackClock "0:01:14"]

1. e4 c5 2. Nf3 Nf6 3. e5 Nd5 4. d4 cxd4 5. Qxd4 e6 6. Bc4 Nc6 7. Qg4 h5 8. Qg3 h4 9. Qg4 h3 10. gxh3 Nde7 11. Nc3 Ng6 12. Bf4 d5 13. exd6 e5 14. Bxf7+ Kxf7 15. Ng5+ Kg8 16. Ne6 Nxf4 17. Nxd8 Bxg4 18. Nxc6 Bf3 19. Nxe5 Bxh1 20. O-O-O Bc6 21. d7 Rd8 0-1

[Event "January 9 Late 2024"]
[Site "https://www.chess.com"]
[Date "2024.01.09"]
[Round "7"]
[White "Bardyk, Artem"]
[Black "Novikova, Galina"]
[Result "0-1"]
[Board "85"]
[TimeControl "180+1"]
[WhiteFideId "34349979"]
[BlackFideId "4157095"]
[WhiteElo "2743"]
[BlackElo "2513"]
[WhiteTeam "RUS"]
[BlackTeam "RUS"]
[WhiteClock "0:00:01"]
[BlackClock "0:00:05"]

1. e4 e6 2. d4 d5 3. Nc3 Bb4 4. Ne2 Nc6 5. a3 Ba5 6. b4 Bb6 7. Bb2 Nf6 8. e5 Nd7 9. g3 f6 10. exf6 Qxf6 11. Na4 O-O 12. f4 e5 13. Nxb6 axb6 14. dxe5 Ndxe5 15. Bg2 Nf3+ 16. Bxf3 Qxb2 17. O-O Bh3 18. Qxd5+ Kh8 19. Rfd1 Rxa3 20. Rxa3 Qxa3 21. c3 h6 22. Be4 Qa8 23. Bd3 Qc8 24. b5 Ne7 25. Qe4 Nf5 26. Nd4 Re8 27. Qf3 Nxd4 28. cxd4 Bf5 29. Bxf5 Qxf5 30. Qxb7 Qc2 31. Rf1 Qd2 32. Qxc7 Qxd4+ 33. Kg2 Qe4+ 34. Rf3 Qe2+ 35. Rf2 Qe4+ 36. Kg1 Ra8 37. Qc1 Qd4 38. Kg2 Qe4+ 39. Kg1 Qd4 40. Kg2 Qe4+ 41. Kh3 Qf5+ 42. g4 Qd3+ 43. Kg2 Qe4+ 44. Rf3 Qd5 45. Qe3 Ra2+ 46. Kg3 Ra1 47. f5 Qd6+ 48. Qf4 Rg1+ 49. Kh3 Qd1 50. Qb8+ Kh7 51. Rg3 Qf1+ 52. Kh4 Qe1 53. Qe8 Rxg3 54. Qe2 Qxe2 0-1

[Event "January 9 Late 2024"]
[Site "https://www.chess.com"]
[Date "2024.01.09"]
[Round "7"]
[White "Leitao, Rafael"]
[Black "Martins, Bruno Andre Leite"]
[Result "1-0"]
[Board "86"]
[TimeControl "180+1"]
[WhiteFideId "2101246"]
[BlackFideId "1942255"]
[WhiteElo "2735"]
[BlackElo "2512"]
[WhiteTeam "BRA"]
[BlackTeam "POR"]
[WhiteClock "0:00:02"]
[BlackClock "0:00:00"]

1. c4 Nf6 2. Nc3 e6 3. e4 c5 4. e5 Ng8 5. d4 cxd4 6. Qxd4 Nc6 7. Qf4 Nge7 8. Bd3 Ng6 9. Bxg6 hxg6 10. Nf3 d6 11. Be3 dxe5 12. Nxe5 Qf6 13. Nxc6 Qxf4 14. Bxf4 bxc6 15. O-O-O Ba6 16. b3 Ba3+ 17. Kc2 Rd8 18. Ne4 Ke7 19. Bc7 Rd7 20. Rxd7+ Kxd7 21. Bd6 Bxd6 22. Rd1 Rd8 23. Rxd6+ Kc7 24. Rxd8 Kxd8 25. Kc3 Bb7 26. Nd6 Kc7 27. Nxf7 c5 28. g3 a5 29. f4 Be4 30. Ne5 Kd6 31. a3 Kc7 32. b4 axb4+ 33. axb4 cxb4+ 34. Kxb4 Bf5 35. Kc5 Be4 36. Kd4 Bf5 37. Nf3 Kd6 38. c5+ Kc6 39. Ne5+ Kc7 40. Ke3 Bb1 41. g4 Kb7 42. Kf3 Ka6 43. Kg3 Kb5 44. c6 Kb6 45. Kh4 Be4 46. Kg5 Kc7 47. h4 Kb6 48. Nxg6 Kxc6 49. Ne5+ Kd6 50. h5 Ke7 51. h6 Kf8 52. Ng6+ Kg8 53. hxg7 Kxg7 54. Ne5 Bc2 55. Kh4 Bb1 56. Kg3 Be4 57. Kf2 Bd5 58. Ke3 Bb3 59. Kd4 Kf6 60. Ke4 Bc2+ 61. Kf3 Bb3 62. Kg3 Ba2 63. Kh4 Kg7 64. Kg5 Bb1 65. Nc4 Be4 66. Nd2 Bd5 67. Nf1 Be4 68. Ng3 Bd3 69. Nh5+ Kf7 70. Kh6 Be2 71. g5 Bd3 72. Ng3 e5 73. f5 e4 74. g6+ Kf6 75. g7 Bc4 76. Nxe4+ Ke5 77. f6 1-0

[Event "January 9 Late 2024"]
[Site "https://www.chess.com"]
[Date "2024.01.09"]
[Round "7"]
[White "Benedetti, Julio"]
[Black "Rohan, Ahuja"]
[Result "1/2-1/2"]
[Board "87"]
[TimeControl "180+1"]
[WhiteFideId "172545"]
[BlackFideId "5090598"]
[WhiteElo "2510"]
[BlackElo "2721"]
[WhiteTeam "ARG"]
[BlackTeam "IND"]
[WhiteClock "0:00:08"]
[BlackClock "0:00:04"]

1. e4 e5 2. Nf3 Nc6 3. Bc4 Bc5 4. d3 Nf6 5. c3 d6 6. Bb3 a5 7. Nbd2 O-O 8. Qe2 Be6 9. Bc2 d5 10. O-O Re8 11. h3 h6 12. Re1 Ba7 13. Nf1 b5 14. Ng3 dxe4 15. Nxe4 Nxe4 16. Qxe4 Qd7 17. a4 b4 18. Be3 Bd5 19. Qh4 Bxf3 20. gxf3 Bxe3 21. fxe3 Rab8 22. Qg4 f5 23. Qc4+ Kh8 24. d4 bxc3 25. bxc3 Rb2 26. Re2 exd4 27. cxd4 Nxd4 28. exd4 Rxe2 29. Qxe2 Rxc2 30. Qxc2 Qxd4+ 31. Kh2 Qxa1 32. Qxc7 Qa2+ 33. Kg3 Qd5 34. h4 Kh7 35. Qe7 Qd4 36. Qe6 f4+ 37. Kg4 Qxa4 38. Qf5+ Kg8 39. Qc8+ Kf7 40. Qf5+ Ke7 41. Qe5+ Kd8 42. Qb8+ Kd7 43. Qb7+ Kd6 44. Qb8+ Kd5 45. Qg8+ Kc5 46. Qf8+ Kc4 47. Qxf4+ Kb3 48. Qe4 Qc4 49. Kg3 a4 50. Qe3+ Kb2 51. Qd2+ Kb3 52. Qd1+ Qc2 53. Qd5+ Qc4 54. Qd1+ Kc3 55. Qa1+ Kb4 56. Qb2+ Ka5 57. Qe5+ Kb6 58. Qb8+ Kc5 59. Qc7+ Kb4 60. Qd6+ Kb3 61. Qd1+ 1/2-1/2